AoeStats
← purry999

Arabia

510639124Analyzed
1v1 RM · 12h ago on Oct 1, 2026· 29m 17s· 2 players
Game mode
Random Map
Map size
Tiny (2 player)
Population
200
Speed
Normal
Resources
Standard
Victory
Conquest
Starting age
Dark Age
Ending age
Imperial Age
RankedLock teamsTeams togetherTeam positionsShared explorationLock speedFull tech treeHidden civsTurbo modeCheats
Victory
Defeat
🇨🇱 Magyars · Chile
938
+17
🇪🇸 Spanish · Spain
965
-17
_atheris_
10:09 Feudal Age
10:56 Man-at-Arms
18:55 Bloodlines
20:10 Loom
23:33 Castle Age
22:16 Fletching
25:21 Pikeman
26:44 Double-Bit Axe
27:51 Crossbowman
28:47 Bodkin Arrow
purry999
9:36 Feudal Age
13:59 Forging
13:55 Scale Barding Armor
20:46 Castle Age
18:58 Double-Bit Axe
19:03 Horse Collar
21:45 Bow Saw
25:19 Gold Mining
26:20 Heavy Plow
Connection lost

Rejoining the realm…

Still unreachable

The connection could not be restored.

Session expired

The server has moved on; the page needs a fresh start.